 Dungeon Crawl Stone Soup version 0.27-a0-1299-g1ab19c6527 (webtiles) character file.

Game seed: 1864105630054120133

5753 bobarctor the Thaumaturge (level 10, 0/49 (52) HPs)
             Began as a Deep Elf Necromancer on June 14, 2021.
             Was an Elder of Okawaru.
             Slain by a spectral anaconda (5 damage)
             ... called from beyond by a ghost crab
             ... in a Gauntlet on June 17, 2021.
             The game lasted 01:33:46 (17230 turns).

bobarctor the Thaumaturge (Deep Elf Necromancer)   Turns: 17230, Time: 01:33:47

HP:   0/49 (52)     AC:  9    Str:  5    XL:     10   Next: 49%
MP:   30/30         EV: 12    Int: 29    God:    Okawaru [****..]
Gold: 1088          SH:  0    Dex: 21    Spells: 2/38 levels left

rFire    . . .     SeeInvis .   z - +2 longbow (flame)
rCold    . . .     Faith    .   (shield currently unavailable)
rNeg     . . .     Spirit   .   S - +0 acid dragon scales
rPois    +         Reflect  .   O - +0 helmet
rElec    .         Harm     .   (no cloak)
rCorr    +         Rampage  .   j - +1 pair of gloves
Will     +....     NoTele   +   (no boots)
Stlth    +++.......             H - amulet of magic regeneration
HPRegen  0.16/turn              L - ring of wizardry
MPRegen  0.47/turn              i - ring "Othes" {rPois Int+6 Dex+5 Stlth+}

@: drained
A: no striking features
a: Renounce Religion, Heroism


You were in a Gauntlet.
You worshipped Okawaru.
Okawaru was greatly pleased with you.
You visited 2 branches of the dungeon, and saw 12 of its levels.
You also visited: Ossuary and Gauntlet.

You collected 1425 gold pieces.
You spent 337 gold pieces at shops.

Inventory:

Hand Weapons
 e - a +1 hand crossbow of flaming
 l - a +0 dagger of electrocution
 w - a +0 dagger of protection
 y - a +2 vorpal flail
 z - a +2 longbow of flaming (weapon)
 D - a +2 vampiric dagger
 K - a +1 shortbow
 R - a +0 hand crossbow
Missiles
 c - 315 stones
 d - 3 boomerangs of dispersal
 m - 131 bolts
 n - 226 arrows (quivered ammo)
 v - 7 javelins
 F - 7 boomerangs
 Q - 5 poisoned darts
Armour
 a - a +0 robe
 j - a +1 pair of gloves (worn)
 G - a +0 leather armour of cold resistance
 N - a +0 ring mail of poison resistance
 O - a +0 helmet (worn)
 S - +0 acid dragon scales (worn)
Magical Staves
 p - a staff of earth
 A - a staff of death
Jewellery
 g - an amulet of guardian spirit
 i - the ring "Othes" (right hand) {rPois Int+6 Dex+5 Stlth+}
   (You acquired it in an ossuary)

   [ring of intelligence]

   It affects your intelligence (+6).
   It affects your dexterity (+5).
   It protects you from poison.
   It makes you more stealthy.
 q - a ring of fire
 r - a ring of magical power
 s - a +6 ring of strength
 E - a ring of poison resistance
 H - an amulet of magic regeneration (around neck)
 L - a ring of wizardry (left hand)
 V - a ring of flight
Wands
 C - a wand of charming (8)
 T - a wand of flame (14)
Scrolls
 b - 4 scrolls of identify
 f - 2 scrolls of enchant weapon
 h - 7 scrolls of teleportation
 o - 2 scrolls of amnesia
 u - a scroll of fog
 x - 2 scrolls of magic mapping
 P - a scroll of holy word
Potions
 k - 4 potions of haste
 t - 5 potions of ambrosia
 B - 4 potions of curing
 I - 2 potions of resistance
 M - 2 potions of flight
 U - a potion of brilliance {unknown}


   Skills:
 + Level 1.1 Fighting
 * Level 4.7 Bows
 + Level 3.4 Dodging
 + Level 3.4 Stealth
 * Level 14.5 Spellcasting
 + Level 1.2 Conjurations
 + Level 5.3 Summonings
 + Level 9.1 Necromancy
 + Level 3.5 Air Magic
 + Level 0.3 Poison Magic
 * Level 1.9 Invocations


You had 2 spell levels left.
You knew the following spells:

 Your Spells              Type           Power      Damage    Failure   Level
a - Pain                  Necr           100%       1d9       1%          1
b - Summon Ice Beast      Ice/Summ       36%        N/A       7%          4
c - Vampiric Draining     Necr           32%        2d10      1%          3
d - Call Canine Familiar  Summ           51%        N/A       1%          3
e - Animate Dead          Necr           32%        N/A       1%          4
f - Agony                 Necr           65%        N/A       1%          5
g - Summon Lightning Spi  Summ/Air       47%        N/A       3%          4
h - Mephitic Cloud        Conj/Pois/Air  30%        N/A       3%          3
i - Blink                 Tloc           N/A        N/A       3%          2
j - Magic Dart            Conj           100%       1d8       1%          1
k - Conjure Flame         Conj/Fire      24%        6-21      4%          3
l - Portal Projectile     Hex/Tloc       42%        N/A       6%          3

Your spell library contained the following spells:

 Spells                   Type           Power      Damage    Failure   Level
 Animate Skeleton         Necr           100%       N/A       1%          1
 Sting                    Tmut/Pois      88%        1d7       1%          1
 Summon Small Mammal      Summ           100%       N/A       1%          1
 Call Imp                 Summ           51%        N/A       1%          2
 Beastly Appendage        Tmut           42%        N/A       2%          1
 Corona                   Hex            23%        N/A       2%          1
 Slow                     Hex            21%        N/A       3%          2
 Wereblood                Tmut           21%        N/A       3%          2
 Summon Guardian Golem    Hex/Summ       36%        N/A       1%          3
 Inner Flame              Hex/Fire       21%        N/A       6%          3
 Cause Fear               Hex            10%        N/A       21%         4
 Leda's Liquefaction      Hex/Erth       10%        N/A       21%         4
 Petrify                  Tmut/Erth      21%        N/A       21%         4
 Blade Hands              Tmut           10%        N/A       47%         5
 Conjure Ball Lightning   Conj/Air       17%        3x3d6     71%         6


Dungeon Overview and Level Annotations

Branches:
Dungeon (11/15)            Temple (1/1) D:6            Lair (0/6) D:8
Ossuary (visited)         Gauntlet (1/1)
    Orc: D:9-12

Altars:
Ashenzari
Cheibriados
Dithmenos
Fedhas
Makhleb
Nemelex Xobeh
Okawaru
Sif Muna
Trog
Uskayaw
Vehumet
Wu Jian
The Shining One

Shops:
D:8 *

Annotations:
Gauntlet 11 transporters


Message History

The spectral wolf spider hits you but does no damage.
The spectral wolf spider barely misses you.
The spectral wolf spider hits you.
The spectral wolf spider closely misses you.
The ghost crab breathes spectral mist at you.
The spectral mist engulfs the spectral alligator but does no damage.
The spectral alligator bites your lightning spire but does no damage.
The spectral alligator tail-slaps your lightning spire.
Your lightning spire is engulfed in spectral mist.
The spectral wolf spider fades away!
The spectral anaconda grabs your lightning spire.
The spectral anaconda bites your lightning spire but does no damage.
The spectral anaconda constricts your lightning spire.
Something bites your lightning spire!
Something claws your lightning spire but does no damage.
The spectral anaconda constricts your lightning spire but does no damage.
The spectral anaconda bites your lightning spire but does no damage.
The spectral anaconda constricts your lightning spire.
Something bites your lightning spire.
Something tail-slaps your lightning spire!
Your lightning spire is destroyed!
You feel much better.
The spectral alligator fades away!
The ghost crab bites you!
You feel drained.
The ghost crab claws you but does no damage.
The spectral anaconda grabs you.
The spectral anaconda bites you but does no damage.
The spectral anaconda constricts you.
The spectral anaconda's grasp on you weakens, but your attempt to escape fails.
The spectral anaconda constricts you but does no damage.
The spectral anaconda closely misses you.
The spectral anaconda constricts you. The ghost crab bites you.
The ghost crab barely misses you. The spectral anaconda bites you.
The spectral anaconda constricts you.
You escape the spectral anaconda's grasp.
The spectral cyclops barely misses you.
The spectral anaconda constricts you but does no damage.
The spectral anaconda bites you!
* * * LOW HITPOINT WARNING * * *
You feel drained.
You die...

#############
##########≈#≈#§#≈#≈#≈############
#≈#≈#≈#≈#.............#≈#≈#≈#§#§#
....§.......∩..8..∩..............
..8.....8......©......8.....8§...
..©.......###########.......©.§..
#######...##.......##...#########
....bt#...#.#.....#.#...#*##.##.#
....hb#...#..#..@#..#...##3.#..##
#####b#...#...#©#Zt.#...##.##.###
..©...#.8.#.Z..#Z...#.8.#3#.©#..#
#####.#...#...#.#.Z.#...###.##.##
......#...#..#.Z.#..#...#3.#..#*#
=.©!?.#...#.#.....#.#...#!##©##3#
#######...##..[©.|.##...#########
#.©.#.....###########.....#.©.#..
#.8.#...8....#.©.#....8...#.8.#..


You could see a ghost crab, a spectral anaconda (summoned) and a spectral
six-headed hydra (summoned).

Vanquished Creatures
  Maurice (D:10)
  A gargoyle (D:6)
  A komodo dragon (D:8)
  2 wyverns
  5 yaks (D:10)
  An acid dragon (D:10)
  Edmund (D:3)
  A water moccasin (D:7)
  4 orc warriors
  A sky beast (D:6)
  5 black bears
  A necrophage (D:5)
  5 ogres
  3 centaurs
  A kobold brigand (D:9)
  2 bullfrogs
  5 scorpions
  A water moccasin skeleton (D:5)
  3 killer bees (D:9)
  3 howler monkeys (D:10)
  2 bullfrog zombies (D:5)
  A jelly (D:7)
  4 orc priests
  A bullfrog skeleton (D:6)
  6 hounds
  A human skeleton (D:7)
  Ijyb (D:3)
  4 iguanas
  5 orc wizards
  A killer bee zombie (D:5)
  8 adders
  An adder skeleton (D:4)
  4 worms
  3 dart slugs
  30 orcs
  5 endoplasms
  2 giant cockroaches
  7 goblins
  9 hobgoblins
  11 jackals
  3 quokkas
  9 ball pythons
  5 bats
  A frilled lizard (D:1)
  A goblin zombie (Ossuary)
  3 hobgoblin zombies (Ossuary)
  16 kobolds
  2 kobold zombies (Ossuary)
  A quokka zombie (Ossuary)
  8 rats
  A rat zombie (Ossuary)
203 creatures vanquished.

Vanquished Creatures (collateral kills)
  A shadow (D:6)
  A wraith (D:10)
  A yak (D:10)
  2 orc warriors
  A necrophage (D:4)
  A centaur (D:10)
  An elf skeleton (D:7)
  A killer bee (D:9)
  A jelly (D:6)
  An orc priest (D:8)
  A bullfrog skeleton (D:6)
  A human skeleton (D:7)
  A scorpion zombie (D:5)
  2 orc wizards
  A killer bee zombie (D:8)
  A howler monkey zombie (D:9)
  3 mummies (Ossuary)
  2 shadow imps (D:6)
  2 white imps
  An ufetubus (D:5)
  3 adder zombies (Ossuary)
  5 orcs
  2 goblin zombies (Ossuary)
  2 kobold zombies (Ossuary)
  3 orc skeletons (D:7)
  3 rat zombies (Ossuary)
44 creatures vanquished.

Vanquished Creatures (others)
  A vampire (D:10)
  3 plants (D:8)
4 creatures vanquished.

Grand Total: 251 creatures vanquished

Notes
Turn   | Place    | Note
-------+----------+-------------------------------------------
     0 | D:1      | bobarctor the Deep Elf Necromancer began the quest for the
                  | Orb.
     0 | D:1      | Reached XP level 1. HP: 10/10 MP: 6/6
   277 | D:1      | Reached skill level 5 in Necromancy
   331 | D:1      | Reached XP level 2. HP: 8/15 MP: 5/8
   333 | D:1      | Learned a level 1 spell: Animate Skeleton
   551 | D:1      | Found a faded altar of an unknown god.
   917 | D:1      | Reached skill level 4 in Spellcasting
  1140 | D:1      | Reached XP level 3. HP: 11/19 MP: 5/10
  1304 | D:1      | Learned a level 3 spell: Vampiric Draining
  2033 | D:2      | Noticed a scorpion
  2040 | D:2      | Killed a scorpion
  2041 | D:2      | Reached skill level 5 in Spellcasting
  2041 | D:2      | Reached XP level 4. HP: 12/24 MP: 2/13
  2678 | D:2      | Learned a level 3 spell: Call Canine Familiar
  2683 | D:2      | Learned a level 4 spell: Animate Dead
  2717 | D:2      | You fall into a shaft and drop 2 floors!
  2729 | D:4      | Reached skill level 6 in Spellcasting
  2729 | D:4      | Reached XP level 5. HP: 26/28 MP: 11/15
  2787 | D:4      | Noticed a necrophage
  2803 | D:4      | Killed a necrophage
  3229 | D:4      | Learned a level 5 spell: Agony
  3573 | D:2      | You fall into a shaft and drop 2 floors!
  3579 | D:4      | Reached skill level 7 in Spellcasting
  3668 | D:4      | Reached skill level 1 in Summonings
  3668 | D:4      | Reached XP level 6. HP: 32/32 MP: 11/18
  3999 | D:4      | Noticed Edmund
  4004 | D:4      | Noticed a nameless horror
  4200 | D:3      | Killed Edmund
  4201 | D:3      | Reached skill level 8 in Spellcasting
  4757 | D:3      | Reached XP level 7. HP: 36/36 MP: 7/20
  4916 | D:3      | Noticed Ijyb
  4923 | D:3      | Killed Ijyb
  4979 | D:3      | Upgraded the game from 0.27-a0-1287-gca74d27db6 to
                  | 0.27-a0-1291-geefcff550b
  6044 | D:5      | Entered Level 5 of the Dungeon
  6070 | D:5      | Reached skill level 9 in Spellcasting
  6864 | D:5      | Reached skill level 10 in Spellcasting
  6948 | D:5      | Learned a level 4 spell: Summon Lightning Spire
  7035 | D:5      | Reached XP level 8. HP: 39/42 MP: 20/24
  7332 | D:5      | Noticed a nameless horror
  7705 | D:4      | Found a bloodstained altar of Trog.
  8697 | D:6      | Found a staircase to the Ecumenical Temple.
  8705 | D:6      | Reached skill level 1 in Air Magic
  8784 | Temple   | Entered the Ecumenical Temple
  8821 | Temple   | Became a worshipper of Warmaster Okawaru
  8882 | D:6      | Reached skill level 11 in Spellcasting
  8981 | D:6      | HP: 1/42 [hound (2)]
  9003 | D:5      | HP: 2/42 [ufetubus (1)]
  9331 | D:5      | Reached skill level 1 in Fighting
  9468 | D:6      | Reached * piety under Okawaru
  9494 | D:6      | Noticed a gargoyle
  9614 | D:6      | Learned a level 3 spell: Mephitic Cloud
  9617 | D:6      | Learned a level 2 spell: Blink
  9619 | D:6      | Learned a level 1 spell: Magic Dart
  9623 | D:6      | Learned a level 3 spell: Conjure Flame
  9664 | D:6      | Reached XP level 9. HP: 47/47 MP: 18/26
  9848 | D:6      | Reached skill level 12 in Spellcasting
 10849 | D:6      | Killed a gargoyle
 10849 | D:6      | Reached ** piety under Okawaru
 11081 | D:6      | Reached skill level 5 in Summonings
 11441 | D:7      | Found a sand-covered staircase.
 11462 | D:7      | Identified a scroll of acquirement
 11462 | D:7      | Acquired 681 gold pieces
 11479 | Ossuary  | Entered an ossuary
 11495 | Ossuary  | Learned a level 4 spell: Summon Ice Beast
 11897 | Ossuary  | Acquired the ring "Othes" {rPois Int+6 Dex+5 Stlth+}
 12109 | D:7      | Reached skill level 1 in Bows
 12623 | D:7      | Reached skill level 13 in Spellcasting
 13010 | D:8      | Identified Sif Muna's Tome of Shape Shifting and Air
 13014 | D:8      | Found Xelitam's General Store.
 13022 | D:8      | Bought a scroll of identify for 28 gold pieces
 13022 | D:8      | Bought a +2 longbow of flaming for 281 gold pieces
 13022 | D:8      | Bought a scroll of identify for 28 gold pieces
 13304 | D:8      | Reached *** piety under Okawaru
 13618 | D:8      | Found a staircase to the Lair.
 13619 | D:8      | Noticed a komodo dragon
 13902 | D:8      | Killed a komodo dragon
 14358 | D:9      | Reached XP level 10. HP: 47/52 MP: 21/29
 15011 | D:10     | Entered Level 10 of the Dungeon
 15137 | D:10     | Reached skill level 1 in Conjurations
 15217 | D:10     | Noticed Maurice
 15430 | D:10     | Reached skill level 14 in Spellcasting
 15678 | D:10     | Reached skill level 1 in Invocations
 15690 | D:10     | Reached **** piety under Okawaru
 15980 | D:10     | Killed Maurice
 16565 | D:11     | Upgraded the game from 0.27-a0-1291-geefcff550b to
                  | 0.27-a0-1299-g1ab19c6527
 16616 | D:11     | Found a gate leading to a gauntlet.
 16623 | Gauntlet | Entered a Gauntlet
 16623 | Gauntlet | Found a transporter.
 16632 | Gauntlet | Noticed a ghost crab
 16637 | Gauntlet | Noticed a wretched star
 16639 | Gauntlet | Found a transporter.
 16652 | Gauntlet | Found a transporter.
 16655 | Gauntlet | Found a transporter.
 16665 | Gauntlet | Found a transporter.
 16671 | Gauntlet | Noticed a blizzard demon
 16683 | Gauntlet | Noticed an entropy weaver
 16685 | Gauntlet | Found a transporter.
 16689 | Gauntlet | Found a transporter.
 16689 | Gauntlet | Noticed a wolf spider
 16693 | Gauntlet | Found a transporter.
 16708 | Gauntlet | Noticed a four-headed hydra
 16712 | Gauntlet | Found a transporter.
 16720 | Gauntlet | Found a transporter.
 16720 | Gauntlet | Found a transporter.
 16728 | Gauntlet | Found a transporter.
 16773 | Gauntlet | Noticed a torpor snail
 16807 | Gauntlet | Noticed a fire crab
 17069 | Gauntlet | Learned a level 3 spell: Portal Projectile
 17213 | Gauntlet | Noticed a spectral wolf spider
 17221 | Gauntlet | Noticed a spectral anaconda
 17224 | Gauntlet | Noticed a spectral six-headed hydra
 17230 | Gauntlet | Slain by a spectral anaconda

Illustrated notes

Levels and vault maps discovered:
D:1:      ncdulo_watergridlock, layout_basic, chequers_ecumenical_altar_simple
D:2:      layout_rooms
D:3:      layout_loops_corners, uniq_ijyb
D:4:      layout_basic, lemuel_coloured_pillars_altar, nrook_loot_triangle,
          grunt_ministairs_6, uniq_edmund
D:5:      layout_loops_ring, minmay_misc_feat_roman, kennysheep_doodads
D:6:      hangedman_cross_stitches, layout_gridville,
          minmay_temple_entry_drinking_statues
D:7:      layout_rooms, nicolae_ossuary_entry_catacombs
D:8:      layout_basic, david_lair_shrubbed, serial_shops, shop,
          amcnicky_mini_pool_small
D:9:      layout_roguey
D:10:     layout_roguey, lemuel_flamethrower_2, uniq_maurice
D:11:     layout_grid_maze, biasface_ghost_orc_armoury, gauntlet_entry_generic
Temple:   regret_index_temple_sigil_plot
Gauntlet: minmay_gauntlet_mixed_oops_all_seconds
          [minmay_gauntlet_arena_77_tiled_triplets, nicolae_gauntlet_arena_x,
          minmay_gauntlet_arena_77_chump_sandwich,
          nicolae_gauntlet_arena_flowing_pool, minmay_gauntlet_arena_77_mess,
          gammafunk_gauntlet_arena_split_diamond, gauntlet_exit_green]

Skill      XL: |  1  2  3  4  5  6  7  8  9 10 |
---------------+-------------------------------+-----
Necromancy     | 5 6 7 8 9 |  9.1
Spellcasting   | 4 5 6 7 8 10 11 13 14 | 14.5
Summonings     | 1 2 4 5 |  5.3
Stealth        | 3 |  3.4
Air Magic      | 3 |  3.5
Fighting       | 1 |  1.1
Dodging        | 3 |  3.4
Bows           | 4 |  4.7
Conjurations   | 1 |  1.2
Invocations    | 1 |  1.9
Poison Magic   | |  0.3

Action                   |  1- 3 |  4- 6 |  7- 9 | 10-12 || total
-------------------------+-------+-------+-------+-------++-------
Melee: Flail             |     4 |     3 |     3 |       ||    10
       Dagger            |     2 |    31 |    43 |       ||    76
 Fire: Shortbow          |       |       |    52 |       ||    52
       Longbow           |       |       |    15 |    22 ||    37
Throw: Stone             |       |     1 |     5 |       ||     6
       Javelin           |       |       |     4 |       ||     4
 Cast: Pain              |    70 |    50 |   146 |    28 ||   294
       Vampiric Draining |     2 |    24 |    55 |    22 ||   103
       Call Canine Famil |       |     1 |    22 |     3 ||    26
       Animate Dead      |       |       |     2 |       ||     2
       Summon Lightning  |       |       |    30 |    18 ||    48
       Mephitic Cloud    |       |       |    11 |    20 ||    31
       Magic Dart        |       |       |     7 |       ||     7
       Conjure Flame     |       |       |     5 |     8 ||    13
       Blink             |       |       |     2 |    12 ||    14
       Summon Ice Beast  |       |       |       |     1 ||     1
       Portal Projectile |       |       |       |     1 ||     1
  Use: Scroll            |       |       |    17 |     5 ||    22
       Potion            |       |       |       |     1 ||     1
 Stab: Sleeping          |       |     2 |       |       ||     2
       Distracted        |       |     1 |     1 |       ||     2
Armor: Robe              |     3 |    10 |    34 |     1 ||    48
       Acid dragon scale |       |       |       |    13 ||    13
Dodge: Dodged            |    10 |    26 |   138 |    27 ||   201

Table legend: (Time is in decaauts)
 A = Elapsed time spent in this place.
 B = Non-inter-level travel time spent in this place.
 C = Inter-level travel time spent in this place.
 D = Time resting spent in this place.
 E = Time spent auto-exploring this place.
 F = Levels seen in this place.
 G = Mean time per level.
                   A        B        C        D        E       F      G
               +--------+--------+--------+--------+--------+-----+--------+
         Total |  17275 |  16589 |    686 |   5568 |   8105 |  14 | 1233.9 |
       Dungeon |  16171 |  15504 |    667 |   5393 |   7771 |  11 | 1470.1 |
        Temple |     62 |     43 |     19 |      0 |     35 |   1 |   62.0 |
       Ossuary |    435 |    435 |      0 |    133 |    127 |   1 |  435.0 |
      Gauntlet |    606 |    606 |      0 |     42 |    172 |   1 |  606.0 |
               +--------+--------+--------+--------+--------+-----+--------+

Top non-repeatable levels by time:
     D:6: 2460 daAuts
     D:5: 2219 daAuts
     D:4: 2155 daAuts
    D:10: 1518 daAuts
     D:2: 1514 daAuts
     D:3: 1508 daAuts
     D:1: 1504 daAuts
     D:8: 1276 daAuts
     D:7: 1040 daAuts
     D:9: 913 daAuts
Gauntlet: 606 daAuts
 Ossuary: 435 daAuts
  Temple: 62 daAuts
    D:11: 59 daAuts
